[ AOE2 MATCH · #477178485 ]
1v1 RMBurmese vs Hindustanis
Player's team · LOSS
[ REPLAY ANALYSIS · EXTRACTED FROM THE RECORDED GAME ]
Feudal
9:59
Castle
22:56
Imperial
39:59
| APM avg | 62.1 |
| APM peak | 101 |
| eAPM avg | 32.9 |
| Villagers / military | 210 / 253 |
Focus
⚔️ 38.8% · 🌾 61.2%
Scout Cavalry ×148 · Arambai ×43 · Skirmisher ×37 · Archer ×9 · Knight ×6 · Militia ×4
Feudal
11:00
Castle
21:43
Imperial
36:35
| APM avg | 55.0 |
| APM peak | 89 |
| eAPM avg | 31.2 |
| Villagers / military | 205 / 331 |
Focus
⚔️ 52.7% · 🌾 47.3%
Scout Cavalry ×158 · Archer ×56 · Cavalry Archer ×55 · Hand Cannoneer ×20 · Mangonel ×10 · Militia ×9
Match map
Initial resources + every placement click. Lines = walls · curves = elevation contours. ◆ gold · ⬟ stone · ● berries · ✦ relic · ◌ wall gap
Your base· Open — 6t gap
T90Official's base· Open — 10t gap
Smoothed initial terrain · ◌ = detected wall gap · hover for details
Inputs per minute
— TL_JBT - - T90Official
Build order — TL_JBT
First 150 of 761 actions detected
| 0:00 | Create | Villager (Male) |
| 0:01 | Create | Villager (Male) |
| 0:01 | Create | Villager (Male) |
| 0:02 | Build | House |
| 0:03 | Build | House |
| 0:11 | Create | Villager (Male) |
| 0:12 | Create | Villager (Male) |
| 1:28 | Create | Villager (Male) |
| 1:28 | Create | Villager (Male) |
| 1:55 | Build | Lumber Camp |
| 1:56 | Create | Villager (Male) |
| 2:21 | Create | Villager (Male) |
| 2:41 | Build | House |
| 2:52 | Create | Villager (Male) |
| 2:52 | Create | Villager (Male) |
| 3:02 | Create | Villager (Male) |
| 3:32 | Create | Villager (Male) |
| 4:01 | Create | Villager (Male) |
| 4:04 | Create | Villager (Male) |
| 4:04 | Create | Villager (Male) |
| 4:35 | Create | Villager (Male) |
| 4:36 | Create | Villager (Male) |
| 4:36 | Create | Villager (Male) |
| 5:33 | Create | Villager (Male) |
| 5:34 | Create | Villager (Male) |
| 5:39 | Build | Barracks |
| 5:40 | Build | Palisade Wall |
| 5:42 | Build | Palisade Wall |
| 5:43 | Build | Palisade Wall |
| 5:57 | Research | Loom |
| 6:43 | Build | Palisade Wall |
| 6:44 | Build | Palisade Wall |
| 6:44 | Create | Villager (Male) |
| 6:45 | Build | Palisade Wall |
| 6:46 | Build | Palisade Wall |
| 6:47 | Build | Palisade Wall |
| 6:49 | Build | Palisade Wall |
| 6:51 | Build | Palisade Wall |
| 7:13 | Create | Villager (Male) |
| 7:35 | Build | House |
| 7:37 | Build | Palisade Gate |
| 7:39 | Create | Villager (Male) |
| 7:41 | Build | House |
| 7:49 | Research | Feudal Age |
| 8:09 | Build | Palisade Wall |
| 8:12 | Build | Palisade Gate |
| 8:14 | Build | Palisade Wall |
| 8:16 | Build | House |
| 8:24 | Create | Militia |
| 8:24 | Create | Militia |
| 8:37 | Build | Palisade Wall |
| 8:54 | Create | Militia |
| 9:06 | Build | Mining Camp |
| 9:34 | Create | Militia |
| 9:59 | Age | Feudal Age |
| 10:01 | Create | Villager (Male) |
| 10:10 | Build | Watch Tower |
| 10:11 | Create | Villager (Male) |
| 10:21 | Build | Archery Range |
| 10:22 | Build | Palisade Wall |
| 10:24 | Build | Palisade Wall |
| 10:31 | Create | Villager (Male) |
| 10:33 | Build | Mill |
| 10:53 | Create | Villager (Male) |
| 11:38 | Build | Farm |
| 11:40 | Build | Farm |
| 11:40 | Create | Villager (Male) |
| 11:41 | Build | Farm |
| 11:52 | Build | Palisade Wall |
| 11:57 | Build | Farm |
| 11:57 | Create | Archer |
| 12:04 | Build | Farm |
| 12:07 | Create | Villager (Male) |
| 12:08 | Create | Villager (Male) |
| 12:12 | Build | Palisade Wall |
| 12:24 | Create | Villager (Male) |
| 12:26 | Build | Farm |
| 12:30 | Build | House |
| 12:34 | Build | Palisade Wall |
| 12:41 | Build | Palisade Wall |
| 12:50 | Create | Villager (Male) |
| 13:05 | Create | Villager (Male) |
| 13:07 | Create | Archer |
| 13:08 | Build | Farm |
| 13:23 | Create | Archer |
| 13:32 | Create | Villager (Male) |
| 13:35 | Build | House |
| 13:48 | Build | House |
| 13:49 | Create | Villager (Male) |
| 13:54 | Create | Archer |
| 14:09 | Build | Farm |
| 14:10 | Create | Villager (Male) |
| 14:12 | Build | House |
| 14:13 | Build | Palisade Wall |
| 14:22 | Create | Villager (Male) |
| 14:24 | Create | Archer |
| 14:41 | Build | Blacksmith |
| 14:46 | Create | Villager (Male) |
| 14:59 | Create | Villager (Male) |
| 15:01 | Build | Farm |
| 15:05 | Create | Archer |
| 15:21 | Build | House |
| 15:31 | Research | Fletching |
| 15:32 | Research | Fletching |
| 15:39 | Create | Villager (Male) |
| 15:48 | Build | Farm |
| 15:50 | Build | Farm |
| 16:02 | Create | Archer |
| 16:06 | Create | Villager (Male) |
| 16:08 | Build | Farm |
| 16:11 | Build | House |
| 16:11 | Build | House |
| 16:32 | Create | Villager (Male) |
| 16:41 | Build | Farm |
| 17:02 | Create | Villager (Male) |
| 17:03 | Create | Archer |
| 17:05 | Create | Archer |
| 17:09 | Research | Padded Archer Armor |
| 17:17 | Build | House |
| 17:23 | Create | Villager (Male) |
| 17:31 | Create | Skirmisher |
| 17:34 | Build | House |
| 17:48 | Create | Skirmisher |
| 17:58 | Create | Villager (Male) |
| 18:04 | Create | Skirmisher |
| 18:20 | Create | Skirmisher |
| 18:42 | Create | Villager (Male) |
| 18:44 | Build | Lumber Camp |
| 18:48 | Build | Farm |
| 18:50 | Build | Farm |
| 18:53 | Create | Skirmisher |
| 19:06 | Create | Skirmisher |
| 19:23 | Create | Skirmisher |
| 19:26 | Create | Villager (Male) |
| 19:27 | Create | Villager (Male) |
| 19:53 | Build | Archery Range |
| 20:02 | Create | Skirmisher |
| 20:13 | Research | Castle Age |
| 20:13 | Research | Castle Age |
| 20:29 | Create | Skirmisher |
| 20:34 | Build | House |
| 20:37 | Build | House |
| 20:45 | Build | Farm |
| 20:46 | Research | Horse Collar |
| 20:46 | Research | Horse Collar |
| 20:52 | Create | Skirmisher |
| 20:52 | Create | Skirmisher |
| 20:55 | Build | Palisade Wall |
| 21:21 | Create | Skirmisher |
| 21:22 | Create | Skirmisher |
Build order — T90Official
First 150 of 598 actions detected
| 0:00 | Create | Villager (Male) |
| 0:01 | Build | House |
| 0:02 | Build | House |
| 0:08 | Build | House |
| 0:08 | Create | Villager (Male) |
| 0:17 | Create | Villager (Male) |
| 0:19 | Create | Villager (Male) |
| 1:02 | Create | Villager (Male) |
| 1:47 | Create | Villager (Male) |
| 2:04 | Create | Villager (Male) |
| 2:50 | Build | Barracks |
| 2:52 | Create | Villager (Male) |
| 2:54 | Create | Villager (Male) |
| 3:13 | Build | House |
| 3:15 | Create | Villager (Male) |
| 3:18 | Create | Villager (Male) |
| 3:56 | Create | Militia |
| 4:01 | Create | Villager (Male) |
| 4:05 | Create | Militia |
| 4:09 | Build | House |
| 4:28 | Create | Villager (Male) |
| 4:36 | Create | Militia |
| 4:57 | Create | Villager (Male) |
| 5:11 | Create | Villager (Male) |
| 5:33 | Build | Mill |
| 5:48 | Create | Villager (Male) |
| 5:49 | Create | Militia |
| 5:56 | Build | House |
| 6:17 | Create | Villager (Male) |
| 6:30 | Create | Militia |
| 6:30 | Create | Militia |
| 6:39 | Create | Villager (Male) |
| 6:40 | Create | Villager (Male) |
| 6:48 | Create | Villager (Male) |
| 7:14 | Build | Lumber Camp |
| 7:53 | Create | Villager (Male) |
| 8:21 | Research | Loom |
| 8:44 | Build | Mining Camp |
| 8:50 | Research | Feudal Age |
| 8:51 | Research | Feudal Age |
| 9:07 | Build | House |
| 9:29 | Build | Palisade Wall |
| 9:32 | Build | Palisade Wall |
| 9:33 | Build | Palisade Wall |
| 9:41 | Build | House |
| 9:44 | Create | Villager (Male) |
| 9:50 | Build | Mill |
| 9:52 | Create | Militia |
| 10:11 | Build | Palisade Wall |
| 10:19 | Create | Militia |
| 10:50 | Create | Villager (Male) |
| 10:53 | Build | Farm |
| 11:00 | Age | Feudal Age |
| 11:15 | Research | Man-at-Arms (upgrade) |
| 11:26 | Create | Villager (Male) |
| 11:30 | Build | Palisade Wall |
| 11:35 | Build | Archery Range |
| 11:40 | Create | Villager (Male) |
| 11:42 | Create | Spearman |
| 11:47 | Build | Farm |
| 11:48 | Create | Villager (Male) |
| 11:51 | Create | Militia |
| 11:54 | Create | Villager (Male) |
| 12:05 | Create | Villager (Male) |
| 12:06 | Create | Villager (Male) |
| 12:08 | Build | Farm |
| 12:25 | Create | Villager (Male) |
| 12:27 | Build | House |
| 12:28 | Build | Farm |
| 12:38 | Build | Farm |
| 12:55 | Create | Villager (Male) |
| 12:56 | Create | Villager (Male) |
| 12:57 | Build | Farm |
| 12:58 | Create | Archer |
| 12:58 | Create | Archer |
| 13:11 | Create | Villager (Male) |
| 13:13 | Build | House |
| 13:23 | Create | Archer |
| 13:35 | Research | Double-Bit Axe |
| 13:44 | Create | Villager (Male) |
| 13:52 | Build | Farm |
| 13:54 | Create | Archer |
| 13:57 | Create | Villager (Male) |
| 14:04 | Build | House |
| 14:05 | Build | Palisade Wall |
| 14:16 | Create | Archer |
| 14:26 | Create | Villager (Male) |
| 14:37 | Create | Villager (Male) |
| 14:38 | Build | Farm |
| 14:40 | Build | Farm |
| 14:53 | Build | House |
| 14:55 | Create | Villager (Male) |
| 15:01 | Create | Archer |
| 15:02 | Create | Villager (Male) |
| 15:07 | Build | Farm |
| 15:13 | Build | House |
| 15:22 | Create | Villager (Male) |
| 15:39 | Build | Blacksmith |
| 15:45 | Create | Villager (Male) |
| 16:01 | Create | Archer |
| 16:02 | Create | Villager (Male) |
| 16:05 | Build | Farm |
| 16:13 | Build | Outpost |
| 16:24 | Research | Fletching |
| 16:24 | Create | Villager (Male) |
| 16:29 | Create | Archer |
| 16:36 | Build | House |
| 16:37 | Build | House |
| 16:39 | Build | House |
| 16:39 | Create | Villager (Male) |
| 16:41 | Create | Archer |
| 17:04 | Create | Villager (Male) |
| 17:06 | Build | House |
| 17:17 | Create | Villager (Male) |
| 17:19 | Build | Watch Tower |
| 17:26 | Create | Villager (Male) |
| 17:27 | Build | Market |
| 17:29 | Create | Archer |
| 17:39 | Create | Villager (Male) |
| 18:02 | Build | Mining Camp |
| 18:07 | Create | Archer |
| 18:22 | Create | Villager (Male) |
| 19:03 | Research | Castle Age |
| 19:20 | Create | Villager (Male) |
| 19:23 | Build | Archery Range |
| 19:24 | Create | Archer |
| 19:36 | Create | Archer |
| 19:55 | Create | Archer |
| 20:06 | Create | Archer |
| 20:10 | Research | Horse Collar |
| 20:20 | Create | Archer |
| 20:21 | Create | Archer |
| 20:26 | Build | Farm |
| 20:31 | Create | Archer |
| 20:32 | Create | Archer |
| 20:37 | Research | Gold Mining |
| 20:38 | Research | Gold Mining |
| 20:50 | Create | Archer |
| 20:55 | Build | House |
| 21:09 | Research | Padded Archer Armor |
| 21:43 | Age | Castle Age |
| 21:45 | Build | Siege Workshop |
| 21:47 | Research | Bodkin Arrow |
| 21:47 | Research | Crossbowman (upgrade) |
| 21:47 | Research | Crossbowman (upgrade) |
| 21:48 | Create | Villager (Male) |
| 22:02 | Create | Villager (Male) |
| 22:11 | Research | Town Watch |
| 22:24 | Build | House |
| 22:25 | Create | Mangonel |
Match timeline
| 2:50 | T90Official · first_building Barracks |
| 5:39 | TL_JBT · first_building Barracks |
| 5:40 | TL_JBT · wall_segment Palisade Wall x1 |
| 5:42 | TL_JBT · wall_segment Palisade Wall x1 |
| 5:43 | TL_JBT · wall_segment Palisade Wall x1 |
| 6:43 | TL_JBT · wall_segment Palisade Wall x1 |
| 6:44 | TL_JBT · wall_segment Palisade Wall x1 |
| 6:45 | TL_JBT · wall_segment Palisade Wall x1 |
| 6:46 | TL_JBT · wall_segment Palisade Wall x1 |
| 6:47 | TL_JBT · wall_segment Palisade Wall x1 |
| 6:49 | TL_JBT · wall_segment Palisade Wall x1 |
| 6:51 | TL_JBT · wall_segment Palisade Wall x1 |
| 8:09 | TL_JBT · wall_segment Palisade Wall x1 |
| 8:14 | TL_JBT · wall_segment Palisade Wall x1 |
| 8:37 | TL_JBT · wall_segment Palisade Wall x4 |
| 9:29 | T90Official · wall_segment Palisade Wall x1 |
| 9:32 | T90Official · wall_segment Palisade Wall x1 |
| 9:33 | T90Official · wall_segment Palisade Wall x2 |
| 9:59 | TL_JBT · age_up feudal |
| 10:11 | T90Official · wall_segment Palisade Wall x1 |
| 10:21 | TL_JBT · first_building Archery Range |
| 10:22 | TL_JBT · wall_segment Palisade Wall x1 |
| 10:24 | TL_JBT · wall_segment Palisade Wall x1 |
| 11:00 | T90Official · age_up feudal |
| 11:30 | T90Official · wall_segment Palisade Wall x1 |
| 11:35 | T90Official · first_building Archery Range |
| 11:52 | TL_JBT · wall_segment Palisade Wall x1 |
| 12:12 | TL_JBT · wall_segment Palisade Wall x1 |
| 12:34 | TL_JBT · wall_segment Palisade Wall x1 |
| 12:41 | TL_JBT · wall_segment Palisade Wall x1 |
| 14:05 | T90Official · wall_segment Palisade Wall x1 |
| 14:13 | TL_JBT · wall_segment Palisade Wall x1 |
| 18:21 | T90Official · first_market_buy 100 food |
| 18:22 | T90Official · first_market_sell 100 wood |
| 20:55 | TL_JBT · wall_segment Palisade Wall x10 |
| 21:43 | T90Official · age_up castle |
| 21:44 | TL_JBT · wall_segment Palisade Wall x5 |
| 21:45 | T90Official · first_building Siege Workshop |
| 22:56 | TL_JBT · age_up castle |
| 23:30 | TL_JBT · first_market_buy 100 stone |
| 23:48 | TL_JBT · first_market_sell 100 food |
| 26:01 | TL_JBT · first_building Siege Workshop |
| 26:02 | T90Official · first_building Monastery |
| 30:52 | TL_JBT · first_building Stable |
| 32:22 | T90Official · first_building Castle |
| 34:16 | TL_JBT · first_building Monastery |
| 36:01 | T90Official · wall_segment Stone Wall x8 |
| 36:35 | T90Official · age_up imperial |
| 36:37 | TL_JBT · first_building Castle |
| 39:59 | TL_JBT · age_up imperial |
| 42:06 | T90Official · first_building Stable |
| 53:50 | TL_JBT · resign |
[ AI ANALYSIS · 1 CREDIT ]
What really happened in this match?
Wolo.gg analyzes every decision: build order, eco, micro, common mistakes by bracket. Personalized analysis on WhatsApp or Discord in 30 seconds.
Civ guide
Burmese
Map guide
Arabia
Perfil
Jugador #16204681